 Dungeon Crawl Stone Soup version 0.23-a0-14-g8c9a20f (webtiles) character file.

968 TheOrbIsALie the Insei (level 7, -2/47 HPs)
             Began as a Demonspawn Wizard on Aug 2, 2018.
             Killed by nerve-wracking pain
             ... invoked by a shadow imp
              (11 damage)
             ... on level 6 of the Dungeon.
             The game lasted 00:15:22 (6938 turns).

TheOrbIsALie the Insei (Demonspawn Wizard)          Turns: 6938, Time: 00:15:24

Health: -2/47      AC:  3    Str:  8    XL:     7   Next: 93%
Magic:  11/11      EV: 12    Int: 20    God:
Gold:   200        SH:  0    Dex: 12    Spells: 5/12 levels left

rFire    + . .     SeeInvis +     - Unarmed
rCold    . . .     Gourm    .   (no shield)
rNeg     . . .     Faith    .   a - +0 robe
rPois    .         Spirit   .   b - +0 hat
rElec    .         Reflect  .   (no cloak)
rCorr    .         Harm     .   (no gloves)
MR       .....                  (no boots)
Stlth    ++........             j - amulet of the acrobat
HPRegen  0.15/turn              k - ring of see invisible
MPRegen  0.12/turn              (no ring)

@: hasted, very quick
A: claws 1, rugged brown scales 1, fire resistance 1, flame cloud immunity
a: no special abilities


You were on level 6 of the Dungeon.
You were not hungry.

You visited 1 branch of the dungeon, and saw 6 of its levels.

You collected 200 gold pieces.

Inventory:

Hand Weapons
 u - the +3 war axe "Pokk" {chop, +Inv MP-9 Dex+5 Stlth+, unknown}
   (You found it on level 5 of the Dungeon)

   It inflicts extra damage upon your enemies.
   It affects your dexterity (+5).
   It affects your magic capacity (-9).
   It lets you turn invisible.
   It makes you more stealthy.
Missiles
 o - 2 curare-tipped needles
Armour
 a - a +0 robe (worn)
 b - a +0 hat (worn)
Jewellery
 j - an amulet of the acrobat (around neck)
 k - a ring of see invisible (left claw)
Wands
 f - a wand of flame (87)
Scrolls
 c - a scroll of random uselessness {unknown}
 g - 6 scrolls of blinking
 h - 3 scrolls of identify
 i - a scroll of amnesia {unknown}
 l - 4 scrolls of teleportation
 p - 2 scrolls of magic mapping {unknown}
 q - 5 scrolls of remove curse {unknown}
 r - 3 scrolls of immolation
 t - a scroll of enchant armour {unknown}
Potions
 e - a potion of flight
 m - a potion of haste
Comestibles
 d - 11 rations


   Skills:
 - Level 1.8 Dodging
 - Level 1.8 Stealth
 + Level 6.9 Unarmed Combat
 - Level 3.2 Spellcasting
 - Level 4.6 Conjurations
   Level 1.0 Summonings
   Level 0.8 Translocations


You had 5 spell levels left.
You knew the following spells:

 Your Spells              Type           Power        Failure   Level  Hunger
a - Magic Dart            Conj           ###.         1%          1    None
b - Mephitic Cloud        Conj/Pois/Air  #.......     22%         3    ###....
c - Conjure Flame         Conj/Fire      ##......     16%         3    ###....

Your spell library contained the following spells:

 Spells                   Type           Power        Failure   Level  Hunger
 Apportation              Tloc           #.....       10%         1    None
 Lightning Bolt           Conj/Air       ##........   83%         5    ######.
 Slow                     Hex            #.......     22%         2    ##.....
 Summon Small Mammal      Summ           #...         10%         1    None
 Blink                    Tloc           N/A          16%         2    ##.....
 Animate Skeleton         Necr           N/A          14%         1    None
 Call Imp                 Summ           #.......     14%         2    ##.....
 Regeneration             Chrm/Necr      #.........   38%         3    ###....
 Shock                    Conj/Air       ##..         5%          1    None
 Swiftness                Chrm/Air       #.......     22%         2    ##.....
 Spider Form              Tmut/Pois      #.........   38%         3    ###....
 Blade Hands              Tmut           #.........   98%         5    ######.
 Ice Form                 Ice/Tmut       #.......     80%         4    ####...
 Airstrike                Air            #.........   80%         4    ####...
 Confusing Touch          Hex            #.....       14%         1    None
 Sticks to Snakes         Tmut           #.......     22%         2    ##.....
 Static Discharge         Conj/Air       ##......     16%         3    ###....
 Shroud of Golubria       Chrm/Tloc      #.........   19%         2    ##.....
 Beastly Appendage        Tmut           #.....       14%         1    None
 Infusion                 Chrm           #...         14%         1    None
 Song of Slaying          Chrm           #.......     22%         2    ##.....
 Spectral Weapon          Hex/Chrm       #.......     38%         3    ###....


Dungeon Overview and Level Annotations

Branches:
Dungeon (6/15)
 Temple: D:4-7

Altars:
Cheibriados
Okawaru
Vehumet

Annotations:
D:5 Caerwyn's ghost, novice GnWz


Innate Abilities, Weirdness & Mutations

You have sharp fingernails.
You are partially covered in rugged brown scales. (AC +1, +3% HP)
Your flesh is heat resistant. (rF+)
You are immune to clouds of flame.


Message History

Unknown command.
You scratch the shadow imp. Your claw misses the shadow imp.
The shadow imp is moderately wounded.
The shadow imp closely misses you. The quasit closely misses you.
The quasit barely misses you.
The quasit claws you but does no damage.
You scratch the shadow imp but do no damage.
The shadow imp is moderately wounded.
You barely miss the shadow imp.
The shadow imp is moderately wounded.
The quasit misses you.
The quasit claws you but does no damage.
The quasit closely misses you. The shadow imp misses you.
You scratch the shadow imp but do no damage.
The shadow imp is moderately wounded.
The quasit closely misses you. x2; The quasit claws you.
* * * LOW HITPOINT WARNING * * *
The shadow imp gestures at you. Pain shoots through your body!
You die...

".... ....... .....
....... ....
......# ... ......#
#.## .o....
#..##########oo...o
######.5..##5W.WOo#
...#........s###5##
..........#### #@#
...........# #5#
..<.......## ...
........### #####
........# ........#
....?.....
...#.......
##########.


You could see a phantom, an ogre, 2 orc wizards, a quasit, a shadow imp and 2
orcs.

Vanquished Creatures
  The ghost of jusw85 the Conjurer, an amateur DECj (D:4)
  An ogre (D:4)
  2 bullfrogs (D:4)
  A howler monkey (D:4)
  A jelly (D:5)
  A crimson imp (D:5)
  2 hounds
  4 orc priests (D:5)
  2 orc wizards (D:5)
  Ijyb (D:3)
  4 worker ants
  3 adders
  4 shadow imps
  An ooze (D:1)
  4 worms
  4 dart slugs
  4 leopard geckos
  13 orcs
  3 ball pythons
  7 bats
  4 giant cockroaches
  8 goblins
  6 hobgoblins
  4 jackals (D:1)
  4 kobolds
  4 quokkas
  4 frilled lizards
  2 leopard gecko skeletons (D:4)
  14 rats
113 creatures vanquished.

Notes
Turn   | Place    | Note
-------+----------+-------------------------------------------
     0 | D:1      | TheOrbIsALie the Demonspawn Wizard began the quest for the Orb.
     0 | D:1      | Reached XP level 1. HP: 13/13 MP: 4/4
   138 | D:1      | Gained mutation: You have sharp fingernails. [demonic ancestry]
   138 | D:1      | Reached XP level 2. HP: 19/19 MP: 0/6
   789 | D:1      | Gained mutation: You are partially covered in rugged brown scales. (AC +1, +3% HP) [demonic ancestry]
   789 | D:1      | Reached XP level 3. HP: 10/24 MP: 7/7
  2212 | D:3      | Gained mutation: Your flesh is heat resistant. (rF+) [demonic ancestry]
  2212 | D:3      | Reached XP level 4. HP: 15/30 MP: 0/8
  3104 | D:3      | Noticed Ijyb
  3324 | D:3      | Killed Ijyb
  3490 | D:3      | Reached XP level 5. HP: 22/36 MP: 0/9
  3875 | D:4      | Found an iron altar of Okawaru.
  3883 | D:4      | Reached skill level 1 in Unarmed Combat
  4061 | D:4      | Reached skill level 2 in Unarmed Combat
  4261 | D:4      | Noticed an ogre
  4428 | D:4      | Learned a level 3 spell: Mephitic Cloud
  4450 | D:4      | Killed an ogre
  4450 | D:4      | Reached skill level 3 in Unarmed Combat
  4450 | D:4      | Gained mutation: You are immune to clouds of flame. [demonic ancestry]
  4450 | D:4      | Reached XP level 6. HP: 36/42 MP: 0/10
  4486 | D:4      | Learned a level 3 spell: Conjure Flame
  4773 | D:4      | Found a radiant altar of Vehumet.
  4993 | D:4      | Found a runed door.
  4993 | D:4      | Noticed jusw85's ghost (amateur DECj)
  5054 | D:4      | Reached skill level 4 in Unarmed Combat
  5059 | D:4      | Killed jusw85's ghost
  5059 | D:4      | Reached skill level 5 in Unarmed Combat
  5059 | D:4      | Reached XP level 7. HP: 47/47 MP: 2/11
  5139 | D:5      | Entered Level 5 of the Dungeon
  5575 | D:5      | Found a snail-covered altar of Cheibriados.
  5602 | D:5      | Reached skill level 6 in Unarmed Combat
  5787 | D:5      | Found a runed door.
  6076 | D:5      | Noticed Caerwyn's ghost (novice GnWz)
  6751 | D:5      | Got a blackened war axe
  6938 | D:6      | Killed from afar by a shadow imp

Vault maps used:
D:1:      mrwooster_arrival_statue_2
D:2:      minmay_door_path, serial_forest, infiniplex_forest_straight_4,
          infiniplex_forest_lined_room_2, infiniplex_forest_clump_small,
          infiniplex_forest_3_way, infiniplex_forest_diagonal,
          infiniplex_forest_lined_ring, infiniplex_forest_straight_2,
          infiniplex_forest_lined_3
D:3:      uniq_ijyb
D:4:      lemuel_crystal_altar, vehumet_altar_wand_db, first_ration,
          ebering_ghost_inner_flame
D:5:      lemuel_crystal_altar, ebering_ghost_reflecting_pool,
          serial_bayou_pond_c
D:6:      chequers_temple_overflow_minitemple

Skill      XL: |  1  2  3  4  5  6  7 |
---------------+----------------------+-----
Conjurations   | 2 3 4 |  4.6
Unarmed Combat | 3 5 6 |  6.9
Dodging        | |  1.8
Stealth        | |  1.8
Spellcasting   | |  3.2
Summonings     | |  1.0
Translocations | |  0.8

Action                   |  1- 3 |  4- 6 |  7- 9 || total
-------------------------+-------+-------+-------++-------
Melee: Unarmed           |   124 |    88 |    46 ||   258
 Cast: Magic Dart        |    80 |   140 |    83 ||   303
       Mephitic Cloud    |       |     1 |     1 ||     2
       Conjure Flame     |       |     1 |     2 ||     3
Evoke: Wand              |       |       |     1 ||     1
  Use: Potion            |       |     4 |     4 ||     8
       Scroll            |       |     3 |       ||     3
 Stab: Sleeping          |     2 |     1 |       ||     3
       Confused          |       |     2 |       ||     2
  Eat: Chunk             |     4 |     9 |     6 ||    19
Armor: Robe              |    26 |    10 |    19 ||    55
Dodge: Dodged            |    87 |    79 |    65 ||   231

Table legend:
 A = Spawn XP
 B = Non-spawn XP
 C = Spawn XP percentage of total XP
 D = Spawn monster count
 E = Non-spawn monster count
 F = Spawn count percentage of total count
 G = Total turns spent on level
                    A         B        C        D         E        F      G
               +---------+---------+-------+---------+---------+-------+---------
         Total |       0 |    1383 |   0.0 |       0 |     113 |   0.0 |  6938
               +---------+---------+-------+---------+---------+-------+---------
           D:1 |       0 |      45 |   0.0 |       0 |      24 |   0.0 |  1362
           D:2 |       0 |      48 |   0.0 |       0 |      20 |   0.0 |   952
           D:3 |       0 |     118 |   0.0 |       0 |      28 |   0.0 |  1680
           D:4 |       0 |     658 |   0.0 |       0 |      19 |   0.0 |  1236
           D:5 |       0 |     514 |   0.0 |       0 |      22 |   0.0 |  1681
               +---------+---------+-------+---------+---------+-------+---------
